 Dungeon Crawl Stone Soup version 0.31-a0-986-g5e6e4ef867 (webtiles) character file.

Game seed: 13683650194079164647

8185 Whiskey the Mimic (level 11, -4/102 HPs)
             Began as a Troll Shapeshifter on Nov 4, 2023.
             Was a Believer of Qazlal.
             Slain by a soul eater (19 damage)
             ... summoned by a kobold demonologist
             ... on level 9 of the Dungeon.
             The game lasted 00:26:11 (7279 turns).

Whiskey the Mimic (Troll Shapeshifter)              Turns: 7279, Time: 00:26:12

Health: -4/102     AC:  9    Str: 24    XL:     11   Next: 6%
Magic:  10/11      EV:  9    Int: 10    God:    Qazlal [**....]
Gold:   590        SH:  2    Dex:  9    Spells: 10/10 levels left

rFire   . .          .
                       - Unarmed
rCold   . . .        (shield currently unavailable)
rNeg    . . .        M - +0 troll leather armour {regen}
rPois   .            e - +0 hat
rElec   .            L - +2 cloak
rCorr   .            (gloves unavailable)
SInv    +            (boots unavailable)
Will    .....        q - amulet of regeneration {+regen, !d}
Stlth   +            X - +4 ring of protection
HPRegen 2.77/turn    o - ring of see invisible {sInv, !d}
MPRegen 0.12/turn

%: no passive effects
@: blade hands, spiked, studying Maces & Flails
A: large, unfitting armour, (claws 3), regeneration 1, shaggy fur 1, tough skin
1
a: Begin Untransformation, Renounce Religion, Upheaval


You were on level 9 of the Dungeon.
You worshipped Qazlal.
Qazlal was pleased with you.
You had blades for hands.
You visited 2 branches of the dungeon, and saw 10 of its levels.

You collected 741 gold pieces.
You spent 151 gold pieces at shops.

Inventory:

Hand Weapons
 O - a +5 morningstar of freezing
   (You took it off a wight on level 9 of the Dungeon)
Missiles
 i - 3 darts of dispersal {=f}
 t - 10 poisoned darts (quivered)
Armour
 e - a +0 hat (worn)
   (You found it on level 1 of the Dungeon)
 x - a +0 robe
   (You took it off an orc wizard on level 9 of the Dungeon)
 z - a +0 robe
   (You took it off a wight on level 9 of the Dungeon)
 B - a +0 robe
   (You took it off a wight on level 9 of the Dungeon)
 C - a +0 robe
   (You took it off a wight on level 9 of the Dungeon)
 D - a +0 robe
   (You took it off an orc wizard on level 9 of the Dungeon)
 E - a +0 robe
   (You took it off a wight on level 9 of the Dungeon)
 F - a +0 robe of resistance
   (You found it on level 6 of the Dungeon)
 L - a +2 cloak (worn)
   (You took it off Crazy Yiuf on level 6 of the Dungeon)
 M - a +0 troll leather armour (worn) {regen}
   (You found it on level 7 of the Dungeon)
 S - a +0 robe
   (You took it off a wight on level 9 of the Dungeon)
 T - +0 acid dragon scales
   (You found it on level 8 of the Dungeon)
 V - a +0 robe
   (You took it off a wight on level 9 of the Dungeon)
 W - a +0 kite shield
   (You found it on level 9 of the Dungeon)
 Y - a +0 robe
   (You found it on level 9 of the Dungeon)
 Z - a +0 robe
   (You found it on level 9 of the Dungeon)
Jewellery
 o - a ring of see invisible (right blade hand) {sInv, !d}
   (You found it on level 2 of the Dungeon)
 q - an amulet of regeneration (around neck) {+regen, !d}
   (You took it off a gnoll on level 3 of the Dungeon)
 w - a ring of resist corrosion
   (You found it on level 4 of the Dungeon)
 P - a ring of protection from cold {rC+, !d}
   (You found it on level 7 of the Dungeon)
 X - a +4 ring of protection (left blade hand)
   (You found it on level 7 of the Dungeon)
Talismans
 a - a serpent talisman
   (You found it on level 7 of the Dungeon)
 c - a beast talisman
 d - a flux talisman
 g - a maw talisman
   (You found it on level 1 of the Dungeon)
 n - a blade talisman (active)
   (You found it on level 2 of the Dungeon)
Wands
 G - a wand of paralysis (18)
   (You found it on level 6 of the Dungeon)
 U - a wand of mindburst (13)
   (You found it on level 8 of the Dungeon)
Scrolls
 f - 3 scrolls of fog {unknown}
 j - 2 scrolls of enchant armour {unknown}
 l - 4 scrolls of teleportation
 p - 2 scrolls of enchant weapon {unknown}
 r - 2 scrolls of fear {unknown}
 s - 2 scrolls of identify {unknown}
 y - a scroll of noise {unknown}
 J - 2 scrolls of immolation {unknown}
 N - a scroll of vulnerability {unknown}
Potions
 b - 2 potions of lignification {!q}
 h - 3 potions of brilliance {unknown}
 k - 2 potions of heal wounds
 m - 2 potions of haste {unknown}
 u - a potion of curing
 v - 3 potions of ambrosia {unknown}
 A - a potion of magic {unknown}
 H - 2 potions of cancellation {unknown}
 I - a potion of enlightenment {unknown}
 K - 2 potions of mutation {unknown}
 Q - a potion of resistance {unknown}
 R - a potion of degeneration {unknown}


   Skills:
 - Level 5.1 Fighting
 - Level 1.5 Dodging
 + Level 9.8 Unarmed Combat
 + Level 1.5 Invocations
 * Level 12.2 Shapeshifting


You had 10 spell levels left.
You didn't know any spells.
Your spell library contained the following spells:

 Spells                   Type           Power      Damage    Failure   Level
 Shock                    Conj/Air       0%         1d3       41%         1
 Summon Small Mammal      Summ           0%         N/A       41%         1
 Call Canine Familiar     Summ           0%         N/A       78%         3
 Dazzling Flash           Conj/Hex       0%         N/A       78%         3
 Ozocubu's Armour         Ice            0%         N/A       78%         3
 Summon Guardian Golem    Hex/Summ       0%         N/A       78%         3
 Swiftness                Air            0%         N/A       78%         3
 Volatile Blastmotes      Fire/Tloc      0%         2d10      78%         3
 Airstrike                Air            0%         2d(0-16)  99%         4
 Metabolic Englaciation   Hex/Ice        0%         N/A       100%        5
 Simulacrum               Ice/Necr       0%         N/A       100%        6
 Starburst                Conj/Fire      0%         6d3       100%        6
 Maxwell's Capacitive Co  Air            0%         ∞         100%        8


Dungeon Overview and Level Annotations

Branches:
Dungeon (9/15)             Temple (1/1) D:7
   Lair: D:8-11         Orc: D:9-12

Altars:
Ashenzari
Cheibriados
Dithmenos
Elyvilon
Fedhas
Gozag
Hepliaklqana
Kikubaaqudgha
Makhleb
Nemelex Xobeh
Okawaru
Qazlal
Ru
Sif Muna
Trog
Uskayaw
Vehumet
Wu Jian
Xom
Yredelemnul
Zin
The Shining One

Shops:
D:7 !*(*   D:9 =


Innate Abilities, Weirdness & Mutations

You have blades for hands.
You are incapable of wielding weapons or throwing items.
You are too large for most types of armour.
((You have claws for hands.))
Your natural rate of healing is unusually fast.
You are covered in fur. (AC +1)
You have tough skin. (AC +1)


Message History

You barely miss the kobold demonologist.
Your slash misses the kobold demonologist.
A kobold brigand comes into view.
It is wielding a +0 dagger and quivering poisoned darts.
The kobold demonologist closely misses you.
The kobold demonologist hits you but does no damage.
The kobold brigand closely misses you.
You regained 2 hp, and now have 90/102 hp.
You miss the kobold demonologist.
The kobold demonologist hits you with a +0 dagger.
The kobold demonologist looks satisfied for a moment.
The kobold brigand is engulfed in a thunderstorm.
You kill the kobold brigand!
Qazlal accepts your kill. The ynoxinul barely misses you.
You closely miss the kobold demonologist.
The kobold demonologist casts a spell.
The kobold demonologist gestures wildly while chanting.
The ynoxinul gestures.
You regained 2 hp, and now have 93/102 hp.
You closely miss the kobold demonologist.
The kobold demonologist hits you but does no damage.
The kobold demonologist gestures wildly while chanting.
The ufetubus hits you but does no damage.
You block the ufetubus's attack.
You regained 3 hp, and now have 96/102 hp.
You completely miss the kobold demonologist.
You slash the kobold demonologist! The ynoxinul barely misses you.
The soul eater hits you!
You feel drained. The ufetubus hits you. The ufetubus barely misses you.
You block the ufetubus's attack.
The ufetubus hits you but does no damage.
The kobold demonologist hits you with a +0 dagger.
The kobold demonologist looks satisfied for a moment.
You take 18 damage, and have 78/99 hp.
You hit the kobold demonologist but do no damage.
The ufetubus hits you but does no damage.
The ufetubus closely misses you. The ufetubus hits you.
The ufetubus barely misses you. You block the ynoxinul's attack.
The soul eater draws from the surrounding life force!
You take 11 damage, and have 67/99 hp.
You closely miss the kobold demonologist.
The ufetubus hits you but does no damage. x2
The ufetubus barely misses you. The ufetubus closely misses you.
The kobold completely misses you.
The kobold demonologist closely misses you.
The red devil hits you from afar with a +0 trident.
Barbed spikes become lodged in your body.
The ynoxinul hits you. The soul eater barely misses you. The hellwing hits you.
The hellwing hits you but does no damage.
You take 13 damage, and have 54/99 hp.
You slash the kobold demonologist!
You kill the kobold demonologist!
Qazlal accepts your kill.
The hellwing disappears in a puff of smoke!
The ufetubus slips past you! The ufetubus misses you.
The ufetubus hits you but does no damage.
The ufetubus hits you. The ufetubus barely misses you.
The kobold demonologist hits you with a +0 dagger.
The kobold hits you but does no damage.
The red devil hits you from afar with a +0 trident!
Barbed spikes become lodged in your body.
The ynoxinul hits you.
The soul eater hits you but does no damage.
The ufetubus closely misses you. The ufetubus barely misses you.
The ufetubus hits you but does no damage.
The ufetubus barely misses you.
The ufetubus hits you but does no damage. x2
Your life force feels restored.
You take 24 damage, and have 30/102 hp.
MASSIVE DAMAGE!!
You completely miss the kobold demonologist.
Your slash misses the kobold demonologist.
The kobold hits you but does no damage.
The kobold demonologist barely misses you.
The kobold brigand hits you but does no damage.
You block the ufetubus's attack.
The ufetubus hits you but does no damage. x2
The ufetubus barely misses you. x2; The ufetubus hits you.
The red devil barely misses you.
You slash the kobold demonologist! You block the ynoxinul's attack.
The soul eater barely misses you.
The ufetubus hits you but does no damage. x2
The ufetubus hits you.
The ufetubus hits you but does no damage.
The ufetubus hits you.
* * * LOW HITPOINT WARNING * * *
The ufetubus hits you but does no damage.
You block the kobold demonologist's attack.
The kobold closely misses you.
You take 4 damage, and have 27/102 hp.
You hit the kobold demonologist.
Your slash misses the kobold demonologist.
The ufetubus hits you but does no damage. x4
The red devil hits you from afar with a +0 trident!
* * * LOW HITPOINT WARNING * * *
Barbed spikes become lodged in your body.
The ufetubus hits you.
* * * LOW HITPOINT WARNING * * *
The ufetubus hits you but does no damage.
You block the ynoxinul's attack.
The soul eater draws from the surrounding life force!
You die...

#. ....... ..
#.###.......
..###...........
.............
............ #....4..#
#...K5K.# #.#
#..)3@KK# #.##...#
#..)553.# #.##...#
#$......# #.##...##.#
#.......# #.##...##.#
#.......# #.##...##.#
#.......# #.##...##.#
#......[###.##...##.#
#................##.#
....###...........##.#


You could see a soul eater (summoned), a kobold demonologist, a ynoxinul
(summoned), a red devil (summoned), a kobold brigand, 3 ufetubi and 2 kobolds.

Vanquished Creatures
  A catoblepas (D:8)
  Pikel (D:8)
  Maurice (D:8)
  4 kobold demonologists (D:9)
  A troll (D:7)
  A hornet (D:8)
  A wyvern (D:9)
  6 yaks
  2 acid dragons
  A water moccasin (D:7)
  3 ice beasts
  4 black bears
  An orc warrior (D:8)
  2 ogres
  5 centaurs
  3 lemures (D:8)
  3 phantoms
  A kobold brigand (D:9)
  A bullfrog (D:8)
  2 gnoll sergeants
  3 scorpions
  12 wights
  5 killer bees
  6 howler monkeys
  2 hounds
  A jelly (D:5)
  3 orc priests
  Crazy Yiuf (D:6)
  Jessica (D:3)
  5 sleepcaps
  4 iguanas
  13 orc wizards
  12 gnolls
  8 adders
  2 white imps
  A worm (D:5)
  A dart slug (D:3)
  15 orcs
  5 endoplasms
  2 giant cockroaches
  3 goblins
  A hobgoblin (D:3)
  4 ball pythons
  3 bats
  3 frilled lizards (D:1)
  5 kobolds
  4 rats
169 creatures vanquished.

Vanquished Creatures (others)
  An orc wizard (D:6)
1 creature vanquished.

Grand Total: 170 creatures vanquished

Notes
Turn   | Place    | Note
-------+----------+-------------------------------------------
     0 | D:1      | Whiskey the Troll Shapeshifter began the quest for the Orb.
     0 | D:1      | Reached XP level 1. HP: 18/18 MP: 0/0
   276 | D:1      | Reached skill level 1 in Fighting
   336 | D:1      | Reached XP level 2. HP: 27/27 MP: 1/1
  1627 | D:3      | Reached XP level 3. HP: 29/33 MP: 2/2
  1627 | D:3      | Noticed a golden eye
  1633 | D:3      | Found a faded altar of an unknown god.
  1638 | D:3      | Reached skill level 4 in Shapeshifting
  1644 | D:3      | HP: 7/33 [gnoll/+0 club (8)]
  1647 | D:3      | HP: 3/33 [gnoll/+0 club (2)]
  1649 | D:3      | Reached XP level 4. HP: 5/41 MP: 3/3
  1684 | D:3      | Noticed an eye of devastation
  1684 | D:3      | Noticed a great orb of eyes
  1684 | D:3      | Noticed a glass eye
  1782 | D:3      | Reached skill level 4 in Unarmed Combat
  1900 | D:3      | Noticed Jessica
  1910 | D:3      | Killed Jessica
  1911 | D:3      | Reached XP level 5. HP: 47/48 MP: 4/4
  1967 | D:3      | Found a faded altar of an unknown god.
  2080 | D:3      | Found a radiant altar of Vehumet.
  2424 | D:4      | Noticed a phantom
  2431 | D:4      | Killed a phantom
  2432 | D:4      | Reached skill level 5 in Shapeshifting
  2540 | D:4      | Reached XP level 6. HP: 52/55 MP: 5/5
  2680 | D:4      | Noticed an ice beast
  2691 | D:4      | Killed an ice beast
  2692 | D:4      | Reached skill level 5 in Unarmed Combat
  2692 | D:4      | Reached skill level 6 in Shapeshifting
  2767 | D:4      | Reached XP level 7. HP: 45/62 MP: 6/6
  2897 | D:4      | Found a glowing golden altar of the Shining One.
  2916 | D:5      | Entered Level 5 of the Dungeon
  3115 | D:5      | Reached skill level 7 in Shapeshifting
  3253 | D:5      | Reached skill level 6 in Unarmed Combat
  3291 | D:5      | Reached XP level 8. HP: 70/70 MP: 7/7
  3444 | D:5      | HP: 14/70 [electric eel/bolt of electricity (4)]
  3642 | D:5      | HP: 9/70 [electric eel/bolt of electricity (13)]
  3759 | D:6      | Found a shadowy altar of Dithmenos.
  3803 | D:6      | Found a runed translucent door.
  3804 | D:6      | Noticed Crazy Yiuf
  3873 | D:6      | Reached skill level 8 in Shapeshifting
  4041 | D:6      | Reached skill level 7 in Unarmed Combat
  4074 | D:6      | HP: 17/70 [scorpion (1)]
  4077 | D:6      | Reached skill level 9 in Shapeshifting
  4079 | D:6      | HP: 9/70 [poisoned by a scorpion]
  4084 | D:6      | HP: 12/70 [poisoned by a scorpion]
  4886 | D:6      | Killed Crazy Yiuf
  5019 | D:7      | Found Xodaeth's Distillery.
  5046 | D:7      | Bought a potion of curing for 42 gold pieces
  5046 | D:7      | Bought a potion of heal wounds for 70 gold pieces
  5081 | D:7      | Reached XP level 9. HP: 76/76 MP: 8/8
  5105 | D:7      | Found Ixtemm's Weapon Shoppe.
  5236 | D:7      | Found a staircase to the Ecumenical Temple.
  5258 | Temple   | Entered the Ecumenical Temple
  5272 | Temple   | Became a worshipper of Qazlal Stormbringer
  5447 | D:7      | Reached skill level 2 in Fighting
  5468 | D:7      | Noticed a troll
  5474 | D:7      | Killed a troll
  5595 | D:7      | Found Yhu Syna's General Store.
  5625 | D:7      | Reached skill level 8 in Unarmed Combat
  5625 | D:7      | Reached skill level 10 in Shapeshifting
  5644 | D:7      | Bought a scroll of teleportation for 39 gold pieces
  5945 | D:7      | Found Fyusun's General Store.
  6137 | D:8      | Reached skill level 3 in Fighting
  6139 | D:8      | HP: 20/97 [orc warrior/+0 glaive (10)]
  6225 | D:8      | Reached * piety under Qazlal
  6296 | D:8      | Noticed Pikel
  6308 | D:8      | Killed Pikel
  6309 | D:8      | Reached XP level 10. HP: 91/91 MP: 9/9
  6352 | D:8      | Noticed Maurice
  6360 | D:8      | Maurice stole a +4 ring of protection
  6361 | D:8      | Killed Maurice
  6451 | D:8      | Reached skill level 11 in Shapeshifting
  6458 | D:8      | Paralysed by a hornet for 1 turns
  6459 | D:8      | Reached skill level 4 in Fighting
  6494 | D:8      | Noticed a catoblepas
  6520 | D:8      | Killed a catoblepas
  6521 | D:8      | Reached skill level 9 in Unarmed Combat
  6646 | D:8      | Found an opulent altar of Gozag.
  6646 | D:8      | Found a shimmering altar of Xom.
  7100 | D:9      | Found Cif Rista's Jewellery Shoppe.
  7129 | D:9      | Reached skill level 5 in Fighting
  7155 | D:9      | Reached ** piety under Qazlal
  7169 | D:9      | Reached skill level 12 in Shapeshifting
  7244 | D:9      | Noticed a soul eater
  7251 | D:9      | Noticed an orange demon
  7253 | D:9      | Reached skill level 1 in Invocations
  7260 | D:9      | Reached XP level 11. HP: 71/102 MP: 10/10
  7272 | D:9      | Noticed a soul eater
  7279 | D:9      | HP: 19/102 [red devil/+0 trident[a kobold demonologist]
                  | (10)]
  7279 | D:9      | Slain by a soul eater

Illustrated notes

Levels and vault maps discovered:
D:1:      elethiomel_arrival_shortcut, layout_basic
D:2:      layout_basic, corexii_item_surrounded_by_moat, grunt_ministairs_11
D:3:      layout_basic, nicolae_overflow_ecumenical_swirl,
          hellmonk_ecumenical_altar_watching_god, uniq_jessica
D:4:      layout_basic, kennysheep_little_box, kennysheep_big_empty_room
D:5:      cheibrodos_two_vegetables, layout_rooms
D:6:      minmay_flawed_box, layout_loops_corners, amcnicky_altar_gilded,
          uniq_crazy_yiuf_cottage
D:7:      layout_loops_ring, minmay_temple_entry_water_ring, serial_shops,
          nicolae_shop_back_alley_shop, shop, shop, shop_coins,
          kennysheep_another_room, nicolae_figureground_pulse
D:8:      layout_basic, gammafunk_temple_overflow_wave,
          hangedman_minor_gate_pass, uniq_pikel, uniq_maurice
D:9:      layout_long_grid, orc_0_dummy, gammafunk_ghost_spectres, serial_shops,
          nicolae_shop_just_a_little_nook, minmay_librarian
Temple:   bh_familiar_temple

Skill      XL: |  1  2  3  4  5  6  7  8  9 10 |
---------------+-------------------------------+-----
Fighting       | 1 3 5 |  5.1
Shapeshifting  | 4 5 6 7 9 10 12 | 12.2
Unarmed Combat | 4 5 6 7 8 9 |  9.8
Invocations    | 1 |  1.5
Dodging        | |  1.5

Action                     |  1- 3 |  4- 6 |  7- 9 | 10-12 || total
---------------------------+-------+-------+-------+-------++-------
  Melee: Unarmed           |    54 |    68 |   240 |   150 ||   512
         Punch             |     1 |     2 |     5 |     4 ||    12
         Maw               |       |       |     7 |       ||     7
         Constrict         |       |       |    23 |    10 ||    33
  Throw: Dart              |       |     5 |     8 |       ||    13
    Use: Potion            |       |       |     1 |       ||     1
 Armour: Animal skin       |    36 |    39 |   119 |       ||   194
         Skin              |       |       |    95 |    29 ||   124
         Troll leather arm |       |       |       |   125 ||   125
  Dodge: Dodged            |    22 |    20 |    96 |    81 ||   219
  Block: Other             |       |       |       |    13 ||    13
   Form: Beast             |     1 |       |       |       ||     1
         Flux              |     1 |       |       |       ||     1
         Maw               |       |       |     2 |       ||     2
                           |       |       |     1 |     2 ||     3
         Anaconda          |       |       |     1 |       ||     1
         Blade             |       |       |       |     2 ||     2

Table legend: (Time is in decaauts)
 A = Elapsed time spent in this place.
 B = Non-inter-level travel time spent in this place.
 C = Inter-level travel time spent in this place.
 D = Time resting spent in this place.
 E = Time spent auto-exploring this place.
 F = Levels seen in this place.
 G = Mean time per level.
                   A        B        C        D        E       F      G
               +--------+--------+--------+--------+--------+-----+--------+
         Total |   7213 |   6802 |    411 |    271 |   5210 |  10 |  721.3 |
       Dungeon |   7185 |   6793 |    392 |    271 |   5210 |   9 |  798.3 |
        Temple |     27 |      8 |     19 |      0 |      0 |   1 |   27.0 |
               +--------+--------+--------+--------+--------+-----+--------+

Top non-repeatable levels by time:
     D:6: 1278 daAuts
     D:7: 982 daAuts
     D:8: 930 daAuts
     D:2: 874 daAuts
     D:5: 796 daAuts
     D:3: 755 daAuts
     D:1: 653 daAuts
     D:4: 628 daAuts
     D:9: 286 daAuts
  Temple: 27 daAuts

Levels and vault maps discovered:
D:1:      elethiomel_arrival_shortcut, layout_basic
D:2:      layout_basic, corexii_item_surrounded_by_moat, grunt_ministairs_11
D:3:      layout_basic, nicolae_overflow_ecumenical_swirl,
          hellmonk_ecumenical_altar_watching_god, uniq_jessica
D:4:      layout_basic, kennysheep_little_box, kennysheep_big_empty_room
D:5:      cheibrodos_two_vegetables, layout_rooms
D:6:      minmay_flawed_box, layout_loops_corners, amcnicky_altar_gilded,
          uniq_crazy_yiuf_cottage
D:7:      layout_loops_ring, minmay_temple_entry_water_ring, serial_shops,
          nicolae_shop_back_alley_shop, shop, shop, shop_coins,
          kennysheep_another_room, nicolae_figureground_pulse
D:8:      layout_basic, gammafunk_temple_overflow_wave,
          hangedman_minor_gate_pass, uniq_pikel, uniq_maurice
D:9:      layout_long_grid, orc_0_dummy, gammafunk_ghost_spectres, serial_shops,
          nicolae_shop_just_a_little_nook, minmay_librarian
Temple:   bh_familiar_temple

Table legend: (Time is in decaauts)
 A = Elapsed time spent in this place.
 B = Non-inter-level travel time spent in this place.
 C = Inter-level travel time spent in this place.
 D = Time resting spent in this place.
 E = Time spent auto-exploring this place.
 F = Levels seen in this place.
 G = Mean time per level.
                   A        B        C        D        E       F      G
               +--------+--------+--------+--------+--------+-----+--------+
         Total |   7213 |   6802 |    411 |    271 |   5210 |  10 |  721.3 |
       Dungeon |   7185 |   6793 |    392 |    271 |   5210 |   9 |  798.3 |
        Temple |     27 |      8 |     19 |      0 |      0 |   1 |   27.0 |
               +--------+--------+--------+--------+--------+-----+--------+

Top non-repeatable levels by time:
     D:6: 1278 daAuts
     D:7: 982 daAuts
     D:8: 930 daAuts
     D:2: 874 daAuts
     D:5: 796 daAuts
     D:3: 755 daAuts
     D:1: 653 daAuts
     D:4: 628 daAuts
     D:9: 286 daAuts
  Temple: 27 daAuts

Table legend:
 A = Kills in this place as a percentage of kills in the entire game.
 B = Kills by you in this place as a percentage of kills by you in the entire game.
 C = Kills by friends in this place as a percentage of kills by friends in the entire game.
 D = Other kills in this place as a percentage of other kills in the entire game.
 E = Experience gained in this place as a percentage of experience gained in the entire game.
 F = Experience gained in this place divided by the number of levels of this place that you have seen.
                   A       B       C       D       E      F
               +-------+-------+-------+-------+-------+----------------------
         Total | 100.0 | 100.0 |   N/A | 100.0 | 100.0 | 1169.4
       Dungeon | 100.0 | 100.0 |   N/A | 100.0 | 100.0 | 1299.3
               +-------+-------+-------+-------+-------+----------------------
